 Dungeon Crawl Stone Soup version 0.19.1 (webtiles) character file.

5182 omegacute the Cleaver (level 10, -53/97 HPs)
             Began as a Minotaur Berserker on Dec 6, 2016.
             Was a High Priest of Trog.
             Annihilated by an enormous slime creature (64 damage)
             ... on level 13 of the Dungeon.
             The game lasted 00:28:10 (9168 turns).

omegacute the Cleaver (Minotaur Berserker)          Turns: 9168, Time: 00:28:11

Health: -53/97     AC: 16    Str: 26    XL:     10   Next: 34%
Magic:  9/9        EV:  9    Int:  8    God:    Trog [*****.]
Gold:   624        SH:  0    Dex:  9    Spells: 0 memorised, 9 levels left

rFire  . . .     SeeInvis .     o - +4 battleaxe
rCold  . . .     Gourm    .     M - +0 chain mail
rNeg   . . .     Faith    .     (shield currently unavailable)
rPois  .         Spirit   .     (helmet restricted)
rElec  .         Reflect  .     p - +0 cloak
rCorr  .         Harm     .     x - +1 pair of gloves
MR     .....                    D - +0 pair of boots
Stlth  ..........               (no amulet)
                                v - +4 ring of intelligence
                                y - ring of stealth

@: no status effects
A: retaliatory headbutt, horns 2
a: Berserk, Trog's Hand, Brothers in Arms, Burn Spellbooks, Renounce Religion


You were on level 13 of the Dungeon.
You worshipped Trog.
Trog was extremely pleased with you.
You were hungry.

You visited 1 branch of the dungeon, and saw 11 of its levels.
You also visited: Ossuary.

You collected 624 gold pieces.

Inventory:

Hand Weapons
 o - a +4 battleaxe (weapon)
Armour
 p - a +0 cloak (worn)
 x - a +1 pair of gloves (worn)
 D - a +0 pair of boots (worn)
 M - a +0 chain mail (worn)
Rods
 s - a +0 rod of shadows (13/13)
   (You found it on level 3 of the Dungeon)
Jewellery
 v - a +4 ring of intelligence (right hand)
 y - a ring of stealth (left hand)
Wands
 i - a wand of acid (7/15)
 B - a wand of disintegration (14/24)
 K - a wand of enslavement (15/24)
 L - a wand of slowing (25/48)
Scrolls
 a - 3 scrolls of remove curse
 b - 6 scrolls of teleportation
 g - 9 scrolls of identify
 k - 3 scrolls of fog
 l - 2 scrolls of recharging
 n - a scroll of enchant weapon {unknown}
 u - a scroll of enchant armour
Potions
 d - a potion of brilliance {unknown}
 e - 4 potions of might
 h - a potion of haste {unknown}
 m - 2 potions of flight {unknown}
 t - a potion of agility {unknown}
 w - 4 potions of degeneration {unknown}
 E - 4 potions of curing {unknown}
 F - a potion of cancellation {unknown}
 G - a potion of resistance {unknown}
 H - a potion of beneficial mutation {unknown}
 I - 2 potions of heal wounds
Books
 r - a book of Maledictions

   Spells                             Type                      Level
   a - Corona                         Hexes                        1
   b - Ensorcelled Hibernation        Hexes/Ice                    2
   c - Confuse                        Hexes                        3
   d - Tukima's Dance                 Hexes                        3
   e - Dazzling Spray                 Conjuration/Hexes            3
   Trog disapproves of the use of such an item.
Comestibles
 c - 11 bread rations
 f - 9 beef jerkies
 j - 2 slices of pizza
 q - 5 meat rations


   Skills:
 * Level 11.7 Fighting
 - Level 12.3 Axes
 + Level 8.4 Armour
 - Level 2.1 Dodging


You had 9 spell levels left.
You didn't know any spells.

Dungeon Overview and Level Annotations

Branches:
Dungeon (10/15)            Temple (0/1) D:4            Lair (0/6) D:9
    Orc: D:9-12

Altars:
Ashenzari
Fedhas
Gozag
Kikubaaqudgha
Nemelex Xobeh
Okawaru
Sif Muna
Trog

Shops:
D:6 %


Innate Abilities, Weirdness & Mutations

You reflexively headbutt those who attack you in melee.
You have a pair of horns on your head.


Message History

You hit the enormous slime creature.
You headbutt the enormous slime creature!
The enormous slime creature is severely wounded.
You hit the slime creature. The enormous slime creature hits you!!
* * * LOW HITPOINT WARNING * * *
The slime creature hits you but does no damage.
You take 29 damage, and have 26/97 hp.
MASSIVE DAMAGE!!
You slice the enormous slime creature!!
The enormous slime creature is almost dead.
You slash the slime creature! The enormous slime creature hits you!
* * * LOW HITPOINT WARNING * * *
The slime creature hits you but does no damage.
You take 16 damage, and have 10/97 hp.
You slice the enormous slime creature!!
You headbutt the enormous slime creature!
The enormous slime creature is almost dead.
Your chain mail prevents you from hitting the slime creature.
The enormous slime creature hits you!!!
Ouch! That really hurt!
You die...

#
#.########
#.J@.....#
#.J#####.#
#.. #..
##. #? #.
#.


You could see an enormous slime creature and a slime creature.

Vanquished Creatures
  A gargoyle (D:10)
  A troll (D:9)
  2 hippogriffs (D:8)
  A basilisk (D:9)
  Eustachio (D:6)
  2 hungry ghosts
  An orc warrior (D:9)
  A black bear (D:7)
  2 sky beasts
  2 ogres
  2 centaurs
  A big kobold (D:10)
  A crocodile (D:9)
  3 bullfrogs
  5 water moccasin zombies (Ossuary)
  7 scorpions
  2 vampire bats (D:3)
  12 wights (D:9)
  An electric eel (D:10)
  A howler monkey (D:7)
  4 crimson imps
  4 hounds
  2 jellies
  4 orc priests
  7 orc wizards
  Crazy Yiuf (D:2)
  A centaur skeleton (D:9)
  Jessica (D:2)
  4 iguanas
  7 worker ants
  2 killer bee zombies (D:7)
  A big kobold zombie (Ossuary)
  A hound zombie (D:8)
  2 mummies (Ossuary)
  A worker ant zombie (D:8)
  5 gnolls
  13 adders
  A river rat (D:9)
  5 shadow imps
  2 oozes
  4 adder zombies (Ossuary)
  An adder skeleton (D:4)
  4 leopard geckos
  30 orcs
  11 bats
  5 bat skeletons (D:3)
  A bat zombie (D:3)
  7 giant cockroaches
  3 gnoll zombies (Ossuary)
  9 goblins
  7 hobgoblins
  15 jackals
  3 quokkas
  A ball python (D:1)
  2 frilled lizards
  4 hobgoblin zombies (Ossuary)
  A jackal skeleton (D:6)
  10 kobolds
  3 kobold zombies (Ossuary)
  2 orc zombies (Ossuary)
  A quokka skeleton (D:4)
  A quokka zombie (D:7)
  5 rats
247 creatures vanquished.

Notes
Turn   | Place    | Note
-------+----------+-------------------------------------------
     0 | D:1      | omegacute the Minotaur Berserker began the quest for the Orb.
     0 | D:1      | Reached XP level 1. HP: 19/19 MP: 0/0
    12 | D:1      | Reached skill level 4 in Axes
    12 | D:1      | Reached XP level 2. HP: 18/26 MP: 1/1
   549 | D:1      | Reached skill level 5 in Axes
   564 | D:1      | Reached XP level 3. HP: 31/31 MP: 2/2
   911 | D:2      | Noticed Jessica
   916 | D:2      | Killed Jessica
   957 | D:2      | Reached ** piety under Trog
  1109 | D:2      | Found a runed door.
  1195 | D:2      | Reached XP level 4. HP: 35/39 MP: 3/3
  1484 | D:2      | Reached skill level 6 in Axes
  1637 | D:2      | Noticed Crazy Yiuf
  1642 | D:2      | Killed Crazy Yiuf
  1846 | D:3      | Found an ancient bone altar of Kikubaaqudgha.
  1849 | D:3      | Reached skill level 7 in Axes
  1849 | D:3      | Reached XP level 5. HP: 44/45 MP: 4/4
  1904 | D:3      | Found a faded altar of an unknown god.
  1950 | D:3      | Reached *** piety under Trog
  1987 | D:3      | Found an iron altar of Okawaru.
  2178 | D:3      | Found a deep blue altar of Sif Muna.
  2181 | D:3      | Found a shattered altar of Ashenzari.
  2183 | D:3      | Found a bloodstained altar of Trog.
  2307 | D:3      | Reached skill level 8 in Axes
  2857 | D:4      | Reached XP level 6. HP: 49/51 MP: 5/5
  3345 | D:4      | Found a staircase to the Ecumenical Temple.
  3360 | D:4      | Identified the Guide on Summoning
  3444 | D:5      | Entered Level 5 of the Dungeon
  3523 | D:5      | Reached skill level 9 in Axes
  3804 | D:5      | Reached XP level 7. HP: 57/57 MP: 6/6
  3828 | D:5      | Reached skill level 10 in Axes
  4222 | D:5      | Reached **** piety under Trog
  4579 | D:6      | Noticed Eustachio
  4611 | D:6      | Killed Eustachio
  4646 | D:6      | Found Wohocl Kedo's Food Emporium.
  4674 | D:6      | Reached skill level 11 in Axes
  4843 | D:6      | Found a sand-covered staircase.
  4853 | Ossuary  | Entered an ossuary
  4871 | Ossuary  | Reached XP level 8. HP: 50/64 MP: 7/7
  5142 | Ossuary  | Reached skill level 12 in Axes
  5750 | D:7      | Found a blossoming altar of Fedhas.
  5963 | D:7      | Reached skill level 5 in Fighting
  6064 | D:7      | Reached ***** piety under Trog
  6344 | D:7      | Reached XP level 9. HP: 35/78 MP: 8/8
  6701 | D:7      | Reached skill level 5 in Armour
  7456 | D:9      | Found a staircase to the Lair.
  7671 | D:9      | Reached skill level 10 in Fighting
  7760 | D:9      | Noticed a troll
  7775 | D:9      | Killed a troll
  7978 | D:9      | Reached XP level 10. HP: 81/94 MP: 9/9
  8130 | D:9      | Received a gift from Trog
  8802 | D:9      | Found a sparkling altar of Nemelex Xobeh.
  8803 | D:9      | Found an opulent altar of Gozag.
  8897 | D:10     | Entered Level 10 of the Dungeon
  8912 | D:10     | Noticed a gargoyle
  8923 | D:10     | Killed a gargoyle
  9156 | D:10     | You fall through a shaft for 3 floors!
  9168 | D:13     | Annihilated by an enormous slime creature

Skill      XL: |  1  2  3  4  5  6  7  8  9 10 |
---------------+-------------------------------+-----
Axes           | 4 5 7 8 9 11 12 | 12.3
Fighting       | 6 10 11 | 11.7
Armour         | 4 7 8 |  8.4
Dodging        | |  2.1

Action                   |  1- 3 |  4- 6 |  7- 9 | 10-12 || total
-------------------------+-------+-------+-------+-------++-------
Melee: Hand axe          |    53 |     2 |       |       ||    55
       Headbutt          |     8 |    18 |    83 |    22 ||   131
       War axe           |       |   135 |   401 |    26 ||   562
       Battleaxe         |       |       |       |    57 ||    57
Invok: Berserk           |       |     1 |     3 |     1 ||     5
       Burn Spellbooks   |       |     1 |     2 |       ||     3
  Use: Scroll            |       |     6 |     4 |       ||    10
  Eat: Chunk             |     1 |     9 |    19 |     3 ||    32
       Fruit             |       |       |     3 |       ||     3
       Royal jelly       |       |       |     1 |       ||     1
       Pizza             |       |       |       |     1 ||     1
Armor: Animal skin       |     6 |     1 |       |       ||     7
       Scale mail        |       |    59 |    72 |       ||   131
       Chain mail        |       |       |   124 |    47 ||   171
Dodge: Dodged            |    35 |    73 |   167 |    26 ||   301
